General information
- name: GRUDGE
- type: Custom game
- host: BEAR_AND
- saver: TIMG4STRok
map: SecretValley
- players: 3
- length: 19:52
- speed: Fast
- version: 1.21 W3XP
- replay type:

» download(87 KB)
Players
team 1 (loser)
wartortle[pkmn] (
red | 191 APM | 3797 actions | 19:51)
5 Blademaster
2 Wind Walk
3 Critical Strike
4 Shadow Hunter
2 Hex
2 Healing Wave
» actions
| Assign group hotkey | 48 | |
| Basic commands | 2 | |
| Build / train | 70 | |
| ESC pressed | 9 | |
| Enter build submenu | 17 | |
| Enter hero's abilities submenu | 9 | |
| Give item / drop item | 8 | |
| Right click | 1433 | |
| Select / deselect | 563 | |
| Select group hotkey | 1506 | |
| Use ability | 132 | |
3797 total
» units
| Peon | 8 | |
| Grunt | 11 | |
| Raider | 9 | |
| Spirit Walker | 6 | |
| Kodo Beast | 2 | |
36 total
» upgrades
| Berserker Strength | 1 | |
| Ensnare | 1 | |
| Spirit Walker Training | 1 | |
| Pillage | 1 | |
| Melee Weapons | 2 | |
| Armor | 1 | |
7 total
» buildings
| Altar of Storms | 1 | |
| Orc Burrow | 6 | |
| Barracks | 1 | |
| Stronghold | 2 | |
| Voodoo Lounge | 1 | |
| Beastiary | 1 | |
| Spirit Lodge | 1 | |
| War Mill | 1 | |
| Great Hall | 1 | |
| Watch Tower | 1 | |
16 total
» build order
00:08 Altar of Storms
00:17 Orc Burrow
00:50 Barracks
01:30 Orc Burrow
02:42 Stronghold
03:44 Voodoo Lounge
05:44 Orc Burrow
05:46 Beastiary
06:25 Spirit Lodge
06:44 Orc Burrow
09:54 Orc Burrow
12:25 War Mill
15:33 Orc Burrow
16:24 Great Hall
18:06 Watch Tower
» items
| Boots of Speed | 1 | |
| Healing Salve | 1 | |
| Lesser Clarity Potion | 2 | |
| Scroll of Speed | 2 | |
| Potion of Lesser Invulnerability | 1 | |
| Scroll of Town Portal | 3 | |
10 total
team 2 (winner)

»
TIMG4STRok (
blue | 158 APM | 3144 actions | 19:52)
5 Blademaster
3 Wind Walk
2 Critical Strike
3 Shadow Hunter
2 Hex
1 Healing Wave
» actions
| Assign group hotkey | 36 | |
| Basic commands | 82 | |
| Build / train | 66 | |
| Enter build submenu | 19 | |
| Enter hero's abilities submenu | 9 | |
| Give item / drop item | 1 | |
| Right click | 1453 | |
| Select / deselect | 342 | |
| Select group hotkey | 1023 | |
| Use ability | 113 | |
3144 total
» units
| Peon | 7 | |
| Grunt | 15 | |
| Raider | 7 | |
| Troll Witch Doctor | 3 | |
| Spirit Walker | 2 | |
34 total
» upgrades
| Berserker Strength | 1 | |
| Ensnare | 1 | |
| Witch Doctor Training | 2 | |
| Spirit Walker Training | 2 | |
| Melee Weapons | 1 | |
| Armor | 1 | |
| Reinforced Defenses | 1 | |
9 total
» buildings
| Altar of Storms | 1 | |
| Barracks | 1 | |
| Orc Burrow | 5 | |
| Voodoo Lounge | 1 | |
| Stronghold | 2 | |
| Beastiary | 1 | |
| War Mill | 1 | |
| Spirit Lodge | 2 | |
| Fortress | 1 | |
| Great Hall | 1 | |
| Watch Tower | 4 | |
20 total
» build order
00:03 Altar of Storms
00:08 Barracks
00:28 Orc Burrow
01:30 Orc Burrow
02:27 Voodoo Lounge
03:08 Stronghold
03:08 Stronghold
04:04 Orc Burrow
05:47 Beastiary
06:20 Orc Burrow
07:52 War Mill
08:14 Spirit Lodge
08:15 Spirit Lodge
14:36 Fortress
16:21 Great Hall
16:27 Watch Tower
16:29 Watch Tower
16:31 Watch Tower
16:32 Watch Tower
18:11 Orc Burrow
» items
| Healing Salve | 2 | |
| Lesser Clarity Potion | 3 | |
| Dust of Appearance | 1 | |
| Scroll of Healing | 1 | |
| Potion of Healing | 2 | |
| Orb of Lightning | 1 | |
10 total
observersBEAR_AND Chat log
(00:12 / All) wartortle[pkmn]: gl hf q-t
(00:16 / All) TIMG4STRok: gl hf eta
(00:24 / All) wartortle[pkmn]: estimated time of arrival
(00:33 / All) TIMG4STRok: en taro adun
(00:33 / All) wartortle[pkmn]: 2 mins blademaster
(00:34 / All) TIMG4STRok: executor
(00:41 / All) TIMG4STRok: yo i already fucked up so gl hf
(03:36 / All) wartortle[pkmn]: no sound :x
(13:26 / All) wartortle[pkmn]: what's your main?
(13:29 / All) TIMG4STRok: elf i guess?
(13:35 / All) TIMG4STRok: i play ran tho
(19:46 / All) wartortle[pkmn]: gg
(19:48 / All) TIMG4STRok: gg